Map: Abyssal Reef LE

Players

Cuervo

  • Race: Terran Terran
  • Spawn Location: 5:00

A.I. 1 (Very Easy) - Winner!

  • Race: Zerg Zerg
  • Spawn Location: 11:00

VOD

Have the link to the VOD?

Description

Time

  • Played on: Sept. 21, 2017, 8:20 p.m.
  • Length: 6:44
Show
View Real Time Build Order
Export as new Build Order

Cuervo Terran 

Build Orders:  

Get SALT Encoding   

  12  0:01  SCV  
  13  0:13  SCV  
  14  0:18  Supply Depot  
  14  0:25  SCV  
  15  0:41  Barracks  
  15  0:45  SCV  
  16  0:52  Refinery  
  16  0:57  SCV  
  17  1:10  SCV  
  18  1:28  Orbital Command  
  18  1:36  Barracks Tech Lab  
  18  1:39  Barracks Reactor  
  18  1:59  Command Center  
  18  2:01  SCV  
  19  2:06  Barracks  
  19  2:13  SCV  
  20  2:21  Supply Depot  
  20  2:22  Marine x2  
  21  2:25  SCV  
  23  2:46  Supply Depot  
  23  2:48  SCV  
  23  2:51  Marine  
  24  2:52  Marine  
  24  2:56  Barracks Tech Lab  
  26  3:00  Barracks, SCV  
  27  3:12  Marine x2, SCV  
  30  3:17  Orbital Command  
  30  3:24  Stimpack, SCV  
  30  3:26  Marine  
  32  3:34  Supply Depot  
  32  3:37  Marine  
  32  3:38  Marine  
  34  3:42  SCV  
  34  3:44  Marine  
  36  3:51  SCV  
  36  3:54  SCV  
  38  4:03  SCV  
  38  4:04  Barracks Reactor  
  39  4:11  Factory  
  39  4:16  SCV  
  40  4:29  SCV x2  
  42  4:41  Marine x2, SCV x2  
  42  4:43  Marine  
  42  4:44  Marine  
  48  4:53  SCV x2  
  48  4:57  Supply Depot  
  50  5:05  Starport, SCV  
  51  5:09  Factory Reactor  
  51  5:13  Marine x2  
  51  5:14  Marine  
  54  5:18  SCV  
  54  5:19  SCV  
  56  5:30  SCV  
  56  5:31  SCV  
  58  5:38  Engineering Bay  
  58  5:41  Engineering Bay  
  58  5:47  Supply Depot  
  58  5:51  Marine x3  
  58  5:53  Marine  
  62  6:09  SCV x2  
  62  6:10  Refinery  
  64  6:13  Supply Depot  
  64  6:17  Supply Depot  
  64  6:21  Marine x2, SCV x2  
  64  6:22  Marine x2  
Show
View Real Time Build Order
Export as new Build Order

A.I. 1 (Very Easy) Zerg - Winner!

Build Orders: Pool First 

Get SALT Encoding   

  12  0:01  Drone  
  13  0:12  Overlord  
  13  0:17  Drone  
  14  0:36  Spawning Pool  
  14  0:37  Extractor  
  14  0:40  Drone  
  13  0:47  Drone  
  14  0:53  Overlord  
  14  1:23  Zergling x2  
  14  1:25  Queen  
  17  1:34  Roach Warren  
  17  1:37  Drone  
  17  1:41  Extractor  
  17  1:42  Zergling x2  
  17  1:45  Drone  
  18  1:59  Drone  
  19  2:02  Zergling x2  
  20  2:09  Drone  
  21  2:20  Drone  
  22  2:31  Drone  
  22  2:32  Overlord  
  23  2:38  Drone  
  24  2:46  Drone  
  25  5:55  Roach, Drone  
  28  6:02  Drone  
  28  6:03  Hatchery  
  28  6:09  Drone  
  29  6:16  Drone  
  30  6:19  Overlord  
  30  6:23  Drone  
  29  6:31  Drone  
  29  6:37  Ravager  
Tags
 
Matchup
TvZ
Opening
Pool First
Spawn Locations
Cross Positions
Add a new tag
Caveats
  • Supply blocks, unpowered buildings, or Contaminate may cause inaccurate times.
  • Supply counts are checked every 10 seconds.